Map: 2000 Atmospheres LE

Players

Vanya

  • Race: Zerg Zerg

SKillous - Winner!

  • Race: Protoss Protoss

Event: DreamHack SC2 Masters 2021 Fall

VOD

Have the link to the VOD?

Description

Time

  • Played on: Aug. 12, 2021, 11:38 a.m.
  • Length: 11:50

All games in this series

Show
View Real Time Build Order
Export as new Build Order

Vanya Zerg 

Build Orders: Hatch First 

Get SALT Encoding   

  12  0:00  Drone  
  13  0:12  Overlord  
  13  0:17  Drone  
  14  0:30  Drone x2  
  16  0:48  Hatchery  
  15  0:51  Drone  
  15  0:54  Drone  
  17  0:58  Drone  
  18  1:08  Extractor  
  17  1:13  Spawning Pool  
  17  1:16  Drone  
  17  1:20  Drone  
  18  1:27  Drone  
  19  1:40  Drone  
  20  1:49  Overlord  
  20  2:00  Queen x2  
  26  2:01  Zergling x4  
  26  2:11  Drone x2  
  26  2:12  Metabolic Boost  
  28  2:22  Drone x2  
  30  2:34  Hatchery  
  30  2:36  Drone  
  30  2:43  Queen  
  32  2:47  Overlord  
  32  2:50  Drone  
  33  2:52  Drone  
  33  2:54  Zergling x2  
  33  2:56  Drone  
  36  3:08  Drone x2  
  36  3:09  Queen  
  36  3:11  Overlord  
  40  3:14  Overlord  
  40  3:18  Drone  
  41  3:22  Drone x2  
  41  3:26  Drone  
  44  3:29  Queen  
  44  3:33  Drone  
  47  3:37  Drone x2  
  49  3:42  Overlord  
  49  3:44  Drone x2  
  49  3:47  Queen  
  52  3:52  Drone x3  
  52  3:54  Drone  
  56  3:57  Spore Crawler  
  56  3:58  Overlord  
  56  4:02  Drone x2  
  57  4:08  Overlord  
  57  4:09  Drone  
  58  4:10  Drone  
  58  4:15  Zergling x4  
  60  4:17  Spore Crawler  
  60  4:20  Zergling x2  
  58  4:27  Drone x5  
  58  4:30  Drone x2  
  65  4:36  Spore Crawler  
  60  4:40  Drone x3  
  60  4:44  Lair  
  63  4:47  Drone x3  
  63  4:50  Drone x2  
  63  4:52  Extractor  
  67  4:53  Extractor, Drone x2  
  67  4:54  Drone  
  67  4:55  Drone  
  67  4:57  Drone  
  71  5:03  Evolution Chamber, Overlord  
  71  5:04  Drone  
  71  5:05  Drone  
  72  5:10  Drone  
  73  5:15  Drone x4  
  73  5:18  Extractor, Drone x5  
  81  5:22  Overlord  
  81  5:23  Drone x3  
  84  5:30  Spore Crawler  
  84  5:32  Extractor, Drone  
  84  5:33  Extractor  
  84  5:34  Hatchery  
  81  5:38  Drone  
  82  5:43  Drone, Baneling Nest  
  82  5:45  Zerg Missile Weapons Level 1  
  82  5:46  Hydralisk Den  
  82  5:49  Drone x3  
  84  5:50  Drone x4  
  84  5:53  Drone x2  
  84  5:56  Overlord  
  90  5:57  Overlord  
  90  5:59  Overlord  
  90  6:06  Overlord  
  90  6:16  Grooved Spines  
  89  6:20  Hydralisk x7  
  102  6:29  Overlord  
  102  6:36  Centrifical Hooks  
  102  6:37  Drone, Hydralisk  
  102  6:38  Hydralisk x5  
  115  6:43  Overlord  
  115  6:44  Hydralisk x2  
  119  6:49  Spore Crawler, Hydralisk x2  
  121  6:57  Zergling x14  
  127  7:01  Hydralisk x2  
  127  7:02  Drone  
  127  7:03  Zergling x2  
  127  7:07  Overlord  
  133  7:09  Hydralisk  
  133  7:15  Zergling x16  
  143  7:24  Overlord  
  143  7:27  Zergling x2, Muscular Augments  
  143  7:28  Zergling x16  
  152  7:32  Baneling x9  
  152  7:36  Baneling x9  
  152  7:37  Baneling  
  152  7:44  Zergling x14  
  158  7:52  Zergling x16  
  158  7:54  Overlord  
  158  7:58  Overlord  
  166  8:02  Overlord  
  166  8:08  Overlord  
  166  8:11  Drone x6  
  168  8:14  Zerg Missile Weapons Level 2  
  168  8:17  Infestation Pit, Hydralisk  
  168  8:18  Hydralisk x3  
  175  8:20  Drone x2  
  175  8:21  Drone  
  175  8:22  Drone  
  179  8:28  Zergling x12  
  183  8:39  Hydralisk x6  
  174  8:42  Zergling x4  
  174  8:47  Zergling x12  
  175  8:54  Drone  
  176  8:58  Hive  
  176  9:06  Zergling x20  
  185  9:10  Baneling x8  
  185  9:14  Hatchery  
  185  9:16  Baneling x9  
  184  9:22  Zergling x6  
  184  9:23  Zergling x12  
  192  9:27  Zergling x2  
  192  9:28  Zergling x6  
  192  9:29  Baneling x7  
  196  9:36  Zergling x16  
  184  9:44  Zergling x18  
  193  9:50  Baneling x13  
  188  9:55  Zergling x2  
  188  9:56  Zergling x6  
  188  9:59  Zergling x4  
  194  10:05  Baneling x15  
  192  10:09  Zergling x16  
  192  10:13  Zergling x4  
  190  10:24  Overlord x3  
  190  10:26  Overlord  
  190  10:27  Overlord  
  181  10:29  Overlord  
  181  10:31  Overlord  
  166  10:36  Overlord  
  166  10:38  Overlord  
  166  10:39  Hydralisk x3  
  162  10:44  Zergling x10  
  161  10:50  Hydralisk x3  
  161  10:56  Viper x2  
  166  10:58  Zergling x4  
  166  11:03  Hydralisk x4  
  175  11:07  Zergling x10  
  175  11:09  Zergling x6  
  175  11:16  Hydralisk x2  
  160  11:19  Hydralisk x2  
  160  11:24  Hydralisk  
  160  11:25  Hydralisk  
Show
View Real Time Build Order
Export as new Build Order

SKillous Protoss - Winner!

Build Orders: 1 Gate Expand, Oracle Opening 

Get SALT Encoding   

  12  0:00  Probe  
  13  0:12  Probe  
  14  0:19  Pylon  
  14  0:24  Probe  
  15  0:37  Probe (Chrono Boost)  
  15  0:38  Gateway  
  16  0:46  Probe (Chrono Boost)  
  16  0:47  Assimilator  
  17  0:51  Probe (Chrono Boost)  
  18  1:03  Probe  
  19  1:15  Probe  
  20  1:25  Nexus  
  20  1:35  Cybernetics Core  
  20  1:37  Probe  
  21  1:44  Assimilator  
  21  1:49  Probe  
  21  1:52  Pylon  
  22  2:01  Probe  
  22  2:08  Adept (Chrono Boost)  
  23  2:13  Probe  
  26  2:16  Stargate  
  26  2:25  Probe (Chrono Boost), Warp Gate  
  26  2:28  Adept (Chrono Boost)  
  29  2:37  Probe (Chrono Boost)  
  29  2:43  Probe (Chrono Boost)  
  31  2:46  Probe (Chrono Boost)  
  31  2:50  Probe (Chrono Boost)  
  31  2:51  Adept  
  35  2:53  Probe  
  35  2:54  Void Ray (Chrono Boost)  
  36  3:02  Probe  
  41  3:08  Pylon, Probe  
  42  3:14  Probe  
  43  3:20  Probe  
  43  3:23  Gateway  
  43  3:26  Probe  
  45  3:28  Oracle (Chrono Boost)  
  45  3:32  Probe  
  49  3:39  Probe  
  50  3:48  Nexus  
  50  3:50  Probe  
  50  3:54  Pylon  
  51  3:57  Probe  
  51  4:00  Assimilator  
  51  4:02  Assimilator, Probe (Chrono Boost)  
  53  4:06  Void Ray  
  53  4:13  Probe (Chrono Boost)  
  53  4:14  Probe (Chrono Boost)  
  59  4:24  Probe (Chrono Boost)  
  59  4:26  Probe (Chrono Boost)  
  59  4:29  Twilight Council  
  59  4:30  Forge  
  56  4:41  Probe (Chrono Boost)  
  56  4:45  Probe (Chrono Boost)  
  58  4:46  Gateway  
  58  4:47  Gateway  
  59  4:53  Probe (Chrono Boost)  
  59  4:55  Probe (Chrono Boost)  
  59  4:58  Protoss Ground Weapons Level 1 (Chrono Boost)  
  60  5:02  Probe (Chrono Boost)  
  60  5:03  Probe (Chrono Boost)  
  60  5:04  Probe (Chrono Boost)  
  60  5:05  Shield Battery  
  60  5:07  Blink  
  63  5:11  Sentry x2  
  63  5:12  Probe (Chrono Boost)  
  63  5:13  Probe (Chrono Boost)  
  70  5:14  Probe (Chrono Boost)  
  70  5:19  Pylon  
  70  5:21  Probe  
  70  5:22  Probe  
  70  5:25  Probe  
  73  5:33  Probe  
  73  5:34  Gateway x2, Probe  
  73  5:35  Robotics Facility  
  75  5:37  Probe  
  75  5:38  Sentry x2  
  75  5:41  Pylon  
  80  5:45  Probe  
  80  5:46  Probe  
  80  5:48  Gateway  
  80  5:49  Pylon  
  82  5:52  Probe  
  82  5:53  Gateway  
  83  5:57  Assimilator, Probe  
  83  6:00  Probe  
  83  6:01  Assimilator  
  85  6:05  Pylon  
  85  6:13  Probe x2  
  87  6:22  Observer  
  87  6:24  Robotics Bay  
  87  6:25  Robotics Facility  
  88  6:27  Probe  
  88  6:29  Gateway  
  88  6:30  Gateway  
  89  6:33  Pylon  
  89  6:35  Pylon  
  89  6:41  Photon Cannon  
  89  6:46  Stalker x4  
  89  6:47  Stalker x3  
  103  7:01  Gateway, Sentry  
  103  7:03  Gateway  
  103  7:06  Shield Battery  
  105  7:09  Pylon  
  105  7:10  Colossus (Chrono Boost)  
  105  7:13  Protoss Ground Weapons Level 2 (Chrono Boost), Extended Thermal Lance (Chrono Boost)  
  105  7:14  Observer  
  117  7:18  Colossus (Chrono Boost)  
  117  7:33  Stalker x4  
  117  7:35  Shield Battery  
  125  7:39  Pylon  
  125  7:42  Shield Battery  
  125  7:44  Photon Cannon  
  125  7:46  Pylon  
  125  7:50  Colossus (Chrono Boost)  
  125  7:54  Pylon  
  125  7:56  Pylon  
  125  7:57  Colossus  
  137  8:15  Pylon  
  137  8:17  Stalker x5  
  137  8:18  Stalker  
  149  8:27  Probe  
  150  8:38  Stalker  
  148  8:41  Warp Prism  
  148  8:42  Stalker x5  
  148  8:43  Stalker  
  148  8:44  Observer  
  148  8:45  Charge  
  161  8:49  Gateway  
  161  8:51  Gateway  
  161  9:01  Probe x2  
  163  9:13  Photon Cannon  
  163  9:20  Nexus  
  163  9:21  Sentry  
  163  9:22  Pylon  
  163  9:24  Pylon  
  165  9:26  Pylon  
  165  9:27  Pylon  
  165  9:29  Pylon  
  165  9:33  Pylon  
  165  9:37  Sentry  
  165  9:41  Sentry x4  
  173  9:53  Stalker x5  
  183  10:05  Stalker x3  
  183  10:06  Stalker x2  
  187  10:17  Stalker x4  
  187  10:21  Observer  
  185  10:27  Zealot  
  175  10:30  Zealot x5  
  160  10:44  Sentry x2  
  160  10:45  Sentry x2  
  164  10:50  Sentry x2  
  164  10:51  Zealot x4  
  164  10:53  Probe  
  177  11:00  Probe  
  177  11:16  Stalker x4  
  177  11:18  Sentry  
  175  11:25  Stalker  
  131  11:28  Stalker  

Tags
 
Add a new tag
Caveats
  • Supply blocks, unpowered buildings, or Contaminate may cause inaccurate times.
  • Supply counts are checked every 10 seconds.